 Dungeon Crawl Stone Soup version 0.30-a0-1163-gf69bf04e7a (webtiles) character file.

Game seed: 12126933635067971383

332 meatpath the Ruffian (level 6, -2/62 HPs)
             Began as a Troll Monk on Apr 28, 2023.
             Killed from afar by Dowan (19 damage)
             ... with a shard of ice
             ... on level 4 of the Dungeon.
             The game lasted 00:06:56 (2241 turns).

meatpath the Ruffian (Troll Monk)                   Turns: 2241, Time: 00:06:56

Health: -2/62      AC:  4    Str: 22    XL:     6   Next: 26%
Magic:  5/5        EV: 11    Int:  6    God:
Gold:   164        SH:  0    Dex: 12    Spells: 5/5 levels left

rFire   . .          .
                       - Unarmed
rCold   . . .        c - orb {light}
rNeg    . . .        a - +0 robe
rPois   .            (helmet restricted)
rElec   .            (no cloak)
rCorr   .            (gloves unavailable)
SInv    .            (boots unavailable)
Will    .....        (no amulet)
Stlth   +            (no ring)
HPRegen 1.10/turn    (no ring)
MPRegen 0.09/turn

%: no passive effects
@: glowing
A: large, unfitting armour, claws 3, regeneration 1, shaggy fur 1, tough skin 1
a: no special abilities


You were on level 4 of the Dungeon.
You visited 1 branch of the dungeon, and saw 4 of its levels.

You collected 164 gold pieces.

Inventory:

Armour
 a - a +0 robe (worn)
 c - an orb of light (worn)
Wands
 q - a wand of flame (15)
Scrolls
 d - 3 scrolls of identify {unknown}
 j - 3 scrolls of teleportation
 l - a scroll of fog {unknown}
 n - a scroll of acquirement {unknown}
 o - a scroll of torment {unknown}
 p - a scroll of enchant weapon {unknown}
 s - a scroll of noise {unknown}
Potions
 b - a potion of ambrosia
 e - a potion of flight {unknown}
 f - a potion of attraction {unknown}
 g - 5 potions of heal wounds {unknown}
 h - 2 potions of brilliance {unknown}
 i - 2 potions of might {unknown}
 k - a potion of lignification {unknown}
 m - 3 potions of curing {unknown}
 r - a potion of haste {unknown}


   Skills:
 + Level 3.9 Fighting
 + Level 3.9 Dodging
 + Level 4.7 Unarmed Combat


You had 5 spell levels left.
You didn't know any spells.
Your spell library contained the following spells:

 Spells                   Type           Power      Damage    Failure   Level
 Foxfire                  Conj/Fire      0%         2x1d4     45%         1
 Kiss of Death            Conj/Necr      0%         2d5       45%         1
 Necrotise                Necr           0%         1d4       45%         1
 Poisonous Vapours        Pois/Air       0%         N/A       58%         2
 Frozen Ramparts          Ice            0%         1d1       83%         3
 Mephitic Cloud           Conj/Pois/Air  0%         N/A       83%         3
 Vhi's Electric Charge    Tloc/Air       0%         N/A       83%         3
 Ice Form                 Ice/Tmut       0%         N/A       99%         4
 Summon Ice Beast         Ice/Summ       0%         N/A       99%         4
 Arcjolt                  Conj/Air       0%         1d10      100%        5
 Freezing Cloud           Conj/Ice/Air   0%         6-21      100%        5
 Plasma Beam              Fire/Air       0%         2x1d11    100%        6


Dungeon Overview and Level Annotations

Branches:
Dungeon (4/15)
 Temple: D:4-7

Altars:
Elyvilon
Makhleb
Qazlal

Shops:
D:1 =

Annotations:
D:4 Dowan


Innate Abilities, Weirdness & Mutations

You are too large for most types of armour.
You have claws for hands.
Your natural rate of healing is unusually fast.
You are covered in fur. (AC +1)
You have tough skin. (AC +1)


Message History

Duvessa hits you with a +3 short sword.
You claw Duvessa!
Duvessa is heavily wounded.
Dowan gestures at Duvessa while chanting.
Duvessa seems to speed up.
Duvessa closely misses you.
You scratch Duvessa but do no damage.
Duvessa is heavily wounded.
Duvessa hits you with a +3 short sword.
You claw Duvessa!
Duvessa is heavily wounded.
Duvessa hits you with a +3 short sword. Duvessa hits you with a +3 short sword!
You scratch Duvessa.
Duvessa is severely wounded.
Duvessa hits you with a +3 short sword!
You barely miss Duvessa.
Duvessa is severely wounded.
Duvessa hits you with a +3 short sword!
You claw Duvessa!
You kill Duvessa!
Dowan's eyes darken. "You have made a black mistake."
Dowan seems to find hidden reserves of power!
Dowan hits you with a +0 dagger.
You have reached level 6!
You feel stronger. Dowan attacks as you move away! Dowan barely misses you.
There is an open door here.
Dowan attacks as you move away! Dowan hits you with a +0 dagger.
Dowan hits you with a +0 dagger!
* * * LOW HITPOINT WARNING * * *
Dowan says, "Magic will overcome all!"
Dowan hits you with a +0 dagger.
* * * LOW HITPOINT WARNING * * *
Dowan attacks as you move away! Dowan closely misses you.
An ogre comes into view. It is wielding a +0 giant club.
Found a stone staircase leading down.
The ogre shouts!
Dowan says, "Her death will not be in vain!"
Dowan casts a spell at you. The shard of ice hits you!!
You die...

.. ... .> ....
....########...#
...O'...@......#
...###.e.....##
+........... ...
...###.......## #.#
.[...........####'#####
....#.#'#######.......#
#+####.#.#.# #.......#
#.#
#.#.#)#######.......##
#.#
#.#........##.........


You could see an ogre and Dowan (fast).

Vanquished Creatures
  Duvessa (D:4)
  Jessica (D:3)
  An orc wizard (D:4)
  Robin (D:3)
  A gnoll (D:1)
  3 adders
  A worm (D:3)
  3 dart slugs
  9 orcs
  8 endoplasms
  5 giant cockroaches
  19 goblins
  12 hobgoblins
  4 quokkas (D:1)
  7 ball pythons
  8 bats
  2 frilled lizards (D:1)
  6 kobolds
  3 rats
95 creatures vanquished.

Notes
Turn   | Place    | Note
-------+----------+-------------------------------------------
     0 | D:1      | meatpath the Troll Monk began the quest for the Orb.
     0 | D:1      | Reached XP level 1. HP: 22/22 MP: 0/0
    31 | D:1      | Reached XP level 2. HP: 29/29 MP: 1/1
   216 | D:1      | Reached XP level 3. HP: 36/36 MP: 2/2
   445 | D:1      | Found Ashurulo's Jewellery Emporium.
   838 | D:2      | Reached XP level 4. HP: 45/45 MP: 3/3
  1341 | D:3      | Noticed Jessica
  1349 | D:3      | Killed Jessica
  1350 | D:3      | Reached skill level 4 in Unarmed Combat
  1386 | D:3      | Found a burning altar of Makhleb.
  1403 | D:3      | Found a stormy altar of Qazlal.
  1417 | D:3      | Got Eppomes's Thaumaturgy, Part One
  1509 | D:3      | Noticed Robin
  1511 | D:3      | Reached XP level 5. HP: 53/53 MP: 4/4
  1552 | D:3      | Killed Robin
  1601 | D:3      | Found a faded altar of an unknown god.
  2114 | D:4      | Found a white marble altar of Elyvilon.
  2205 | D:4      | Noticed Dowan
  2206 | D:4      | Noticed Duvessa
  2235 | D:4      | Killed Duvessa
  2236 | D:4      | Reached XP level 6. HP: 22/62 MP: 5/5
  2241 | D:4      | Killed from afar by Dowan

Illustrated notes

Levels and vault maps discovered:
D:1:      spicycebolla_arrival_transporter_tutorial, layout_rooms, serial_shops,
          nicolae_shop_back_alley_shop, serial_corexii_hall,
          corexii_hall_statues_i, corexii_hall_statues_deadend,
          corexii_hall_statues_deadend, hangedman_decor_riveting
D:2:      layout_loops_ring, st_stairs_11, minmay_misc_feat_chi
D:3:      layout_basic, bloody_makhleb, nicolae_qazlal_eye_of_the_storm,
          ebering_ecumenical_altar_webs, uniq_jessica, uniq_robin
D:4:      layout_basic, elyvilon_altar_5, minmay_temple_entry_enclosed_plants,
          uniq_grinder, uniq_duvessa, uniq_menkaure

Skill      XL: |  1  2  3  4 |
---------------+-------------+-----
Fighting       | 3 |  3.9
Dodging        | 3 |  3.9
Unarmed Combat | 4 |  4.7

Action                     |  1- 3 |  4- 6 || total
---------------------------+-------+-------++-------
  Melee: Unarmed           |    81 |   105 ||   186
    Use: Scroll            |       |     1 ||     1
 Armour: Robe              |    42 |    27 ||    69
  Dodge: Dodged            |    45 |    47 ||    92

Table legend: (Time is in decaauts)
 A = Elapsed time spent in this place.
 B = Non-inter-level travel time spent in this place.
 C = Inter-level travel time spent in this place.
 D = Time resting spent in this place.
 E = Time spent auto-exploring this place.
 F = Levels seen in this place.
 G = Mean time per level.
                   A        B        C        D        E       F      G
               +--------+--------+--------+--------+--------+-----+--------+
         Total |   2227 |   2083 |    144 |     13 |   1420 |   4 |  556.8 |
       Dungeon |   2227 |   2083 |    144 |     13 |   1420 |   4 |  556.8 |
               +--------+--------+--------+--------+--------+-----+--------+

Top non-repeatable levels by time:
     D:3: 745 daAuts
     D:2: 668 daAuts
     D:1: 643 daAuts
     D:4: 170 daAuts
